 Dungeon Crawl Stone Soup version 0.30-b1-2-g02819fbbbe (webtiles) character file.

Game seed: 15765760051320031535

198 Metae the Trooper (level 5, 0/47 HPs)
             Began as a Minotaur Fighter on July 2, 2023.
             Was a Follower of Uskayaw.
             Slain by an ogre
             ... wielding a +0 giant club
              (19 damage)
             ... on level 5 of the Dungeon.
             The game lasted 00:06:35 (2931 turns).

Metae the Trooper (Minotaur Fighter)                Turns: 2931, Time: 00:06:35

Health: 0/47       AC: 13    Str: 22    XL:     5   Next: 47%
Magic:  4/4        EV:  6    Int:  5    God:    Uskayaw [*.....]
Gold:   253        SH:  9    Dex: 10    Spells: 4/4 levels left

rFire   . . .        a - +0 rapier
rCold   . . .        c - +0 buckler
rNeg    . . .        x - +0 plate armour
rPois   +            (helmet restricted)
rElec   .            (no cloak)
rCorr   .            (no gloves)
SInv    .            q - +0 pair of boots
Will    .....        n - amulet of reflection Stlth
                     f - ring of poison resistance
HPRegen 0.27/turn    (no ring)
MPRegen 0.09/turn

%: reflection
@: no status effects
A: horns 2, retaliatory headbutt
a: Renounce Religion, Stomp


You were on level 5 of the Dungeon.
You worshipped Uskayaw.
Uskayaw was noncommittal.
You visited 1 branch of the dungeon, and saw 5 of its levels.

You collected 253 gold pieces.

Inventory:

Hand Weapons
 a - a +0 rapier (weapon)
 r - a +2 sling of flaming
Missiles
 b - 14 stones
 p - 6 poisoned darts (quivered)
Armour
 c - a +0 buckler (worn)
 q - a +0 pair of boots (worn)
 x - a +0 plate armour (worn)
Jewellery
 f - a ring of poison resistance (left hand)
 m - an amulet of the acrobat
 n - an amulet of reflection (around neck)
 w - a ring of willpower
Scrolls
 e - 3 scrolls of teleportation {unknown}
 h - 2 scrolls of fear {unknown}
 i - 3 scrolls of fog {unknown}
 j - 12 scrolls of identify {unknown}
 k - 2 scrolls of enchant armour {unknown}
 l - a scroll of immolation {unknown}
 u - a scroll of noise {unknown}
Potions
 d - a potion of might
 g - a potion of curing {unknown}
 o - a potion of magic {unknown}
 s - a potion of cancellation {unknown}
 t - 3 potions of attraction {unknown}
 v - 2 potions of degeneration {unknown}
 z - a potion of flight {unknown}
 A - a potion of invisibility {unknown}


   Skills:
 + Level 4.6 Fighting
 + Level 3.4 Short Blades
 + Level 4.5 Armour
 + Level 2.3 Dodging
 + Level 4.5 Shields
 + Level 0.7 Invocations


You had 4 spell levels left.
You didn't know any spells.
Your spell library contained the following spells:

 Spells                   Type           Power      Damage    Failure   Level
 Apportation              Tloc           0%         N/A       100%        1


Dungeon Overview and Level Annotations

Branches:
Dungeon (5/15)
 Temple: D:4-7

Altars:
Gozag
Kikubaaqudgha
Sif Muna
Uskayaw
Vehumet


Innate Abilities, Weirdness & Mutations

You have a pair of horns on your head.
You reflexively headbutt those who attack you in melee.


Message History

An ogre comes into view. It is wielding a +0 giant club.
The ogre shouts!
The shadow imp barely misses you.
You hit the shadow imp.
The shadow imp is moderately wounded.
The shadow imp summons a swarm of flies.
The shadow imp completely misses you.
You closely miss the shadow imp. Your headbutt misses the shadow imp.
The shadow imp is moderately wounded.
The shadow imp laughs crazily.
You block the shadow imp's attack.
You barely miss the shadow imp.
The shadow imp is moderately wounded.
The shadow imp gestures at you.
You barely resist. You completely miss the shadow imp.
The shadow imp is moderately wounded.
The shadow imp gestures at you. Pain shoots through your body!
You closely miss the shadow imp.
The shadow imp is moderately wounded.
You block the shadow imp's attack.
You barely miss the shadow imp.
The shadow imp is moderately wounded.
The ogre hits you with a +0 giant club!
The shadow imp hits you but does no damage.
You hit the shadow imp.
You headbutt the shadow imp, but do no damage.
The shadow imp is moderately wounded.
The shadow imp barely misses you. The ogre hits you with a +0 giant club!
You are too injured to fight recklessly!
You are too injured to fight recklessly!
You hit the ogre. You headbutt the ogre.
The ogre is moderately wounded.
The shadow imp completely misses you. You furiously retaliate!
You headbutt the shadow imp! You hit the ogre. Your headbutt misses the ogre.
The ogre is heavily wounded.
The ogre hits you with a +0 giant club!!
You die...

#....+ ###....## #
#.......# #. #.......#
#.. #.?.....# ###.#
#.<.....### ......
#.......'.# .......
#.......#.# ..#....
#..5@..?#.# #.#.#...#
#..O....#.#.#.#.#....
......######.#.#.#.#...#
...... #....#.#.#.#..#.
..... #.####.#.#.#..#.
..... ###.####.#.#...#..
.... #.....##.#.###.#..
.... #.#.#.##.#........
...#.#.##....###...


You could see an ogre and a shadow imp.

Vanquished Creatures
  A scorpion (D:5)
  6 adders
  A worm (D:3)
  3 dart slugs
  7 orcs (D:4)
  5 ball pythons
  7 bats
  6 endoplasms
  2 giant cockroaches
  6 hobgoblins
  3 jackals (D:1)
  3 quokkas
  A frilled lizard (D:1)
  7 goblins
  5 kobolds
  6 rats
69 creatures vanquished.

Notes
Turn   | Place    | Note
-------+----------+-------------------------------------------
     0 | D:1      | Metae the Minotaur Fighter began the quest for the Orb.
     0 | D:1      | Reached XP level 1. HP: 19/19 MP: 0/0
   116 | D:1      | Reached XP level 2. HP: 27/27 MP: 1/1
   315 | D:1      | Reached skill level 1 in Dodging
   513 | D:1      | Reached XP level 3. HP: 33/33 MP: 2/2
   990 | D:2      | Reached XP level 4. HP: 40/40 MP: 3/3
  1572 | D:3      | Identified the +1 robe of Refuge {Dex+5}
  1651 | D:3      | Found an opulent altar of Gozag.
  1783 | D:3      | Found a radiant altar of Vehumet.
  1787 | D:3      | Found an ancient bone altar of Kikubaaqudgha.
  1788 | D:3      | Found a shimmering blue altar of Sif Muna.
  1793 | D:3      | Got Sif Muna's Volume of Locality
  1885 | D:3      | Found a faded altar of an unknown god.
  2292 | D:4      | Found a hide-covered altar of Uskayaw.
  2301 | D:4      | Became a worshipper of Uskayaw the Reveller
  2415 | D:4      | Reached * piety under Uskayaw
  2429 | D:4      | Reached ** piety under Uskayaw
  2437 | D:4      | Reached *** piety under Uskayaw
  2439 | D:4      | Reached **** piety under Uskayaw
  2568 | D:4      | Reached XP level 5. HP: 43/47 MP: 4/4
  2818 | D:5      | Entered Level 5 of the Dungeon
  2922 | D:5      | Noticed an ogre
  2931 | D:5      | Slain by an ogre

Illustrated notes

Levels and vault maps discovered:
D:1:      lightli_arrival_statue_moat, layout_rooms
D:2:      layout_loops_ring, minmay_pentomino_x4
D:3:      layout_loops_ring, grunt_temple_overflow_magic_moments,
          grunt_gozag_statues, dreamdust_ecumenical_altar_sealed_demon,
          serial_glass, glass_columns_b, glass_columns_b,
          amcnicky_mini_pool_small
D:4:      layout_basic, mainiacjoe_overflow_surrounded_room
D:5:      layout_basic

Skill      XL: |  1  2  3  4 |
---------------+-------------+-----
Dodging        | 1 2 |  2.3
Armour         | 4 |  4.5
Shields        | 4 |  4.5
Fighting       | 4 |  4.6
Short Blades   | 3 |  3.4
Invocations    | |  0.7

Action                     |  1- 3 |  4- 6 || total
---------------------------+-------+-------++-------
  Melee: Rapier            |   111 |    97 ||   208
         Headbutt          |    15 |    16 ||    31
   Stab: Paralysed         |       |     1 ||     1
 Armour: Scale mail        |    52 |    19 ||    71
         Plate armour      |       |    18 ||    18
  Dodge: Dodged            |    46 |    30 ||    76
  Block: Buckler           |    44 |    41 ||    85
         Reflection        |     2 |       ||     2
